MWL (24 & UNDER)
LEE'S SUMMIT TIGERS @ COLUMBIA 08S
09/10/2023
 
TOP OF THE 1ST
Lee's Summit Tigers batting - Pitching for Columbia 08s : LHP Darrell Harding
Pitching: LHP Darrell Harding
Batting: LHB Juan Hinojosa 0-0: Called Strike
0-1: Called Strike
0-2: Foul Ball, location: 2F
0-2: Strikes out swinging
Batting: RHB Ed Watkins 0-0: Ball
1-0: Ball
2-0: Foul Ball, location: 2F
2-1: Ball
3-1: Bunt for hit - play at first, batter OUT! 5-3
Batting: RHB Norberto Taváres 0-0: Swinging Strike
0-1: Ball
1-1: Swinging Strike
1-2: Strikes out swinging
Top of the 1st over - 0 run(s), 0 hit(s), 0 error(s), 0 left on base; Lee's Summit 0 - Columbia 0
BOTTOM OF THE 1ST
Columbia 08s batting - Pitching for Lee's Summit Tigers : RHP Reid Mapstone
Pitching: RHP Reid Mapstone
Batting: SHB Roberto Rivera 0-0: Ball
1-0: Swinging Strike
1-1: Ground out 4-3 (Groundball, 4)
Batting: RHB Vic Langlois 0-0: Swinging Strike
0-1: Swinging Strike
0-2: Ball
1-2: Strikes out swinging
Batting: LHB Colm Massey 0-0: Called Strike
0-1: Foul Ball, location: 2F
0-2: Strikes out swinging
Bottom of the 1st over - 0 run(s), 0 hit(s), 0 error(s), 0 left on base; Lee's Summit 0 - Columbia 0
TOP OF THE 2ND
Lee's Summit Tigers batting - Pitching for Columbia 08s : LHP Darrell Harding
Batting: RHB Desi Thompson 0-0: Called Strike
0-1: Foul Ball, location: 2F
0-2: Ball
1-2: Ball
2-2: Ball
3-2: Ground out 5-3 (Groundball, 5)
Batting: RHB Carlos Flores 0-0: Ball
1-0: Called Strike
1-1: Ball
2-1: SINGLE (Groundball, 56D)
Batting: LHB Bill Frazier 0-0: Called Strike
0-1: Ball
1-1: Swinging Strike
1-2: Foul Ball, location: 2F
1-2: Ball
2-2: Foul Ball, location: 2F
2-2: Ball
3-2: Strikes out looking
Batting: RHB Flint Todd 0-0: Called Strike
0-1: Called Strike
0-2: Strikes out looking
Top of the 2nd over - 0 run(s), 1 hit(s), 0 error(s), 1 left on base; Lee's Summit 0 - Columbia 0
BOTTOM OF THE 2ND
Columbia 08s batting - Pitching for Lee's Summit Tigers : RHP Reid Mapstone
Batting: RHB Felipe Rego 0-0: SINGLE (Line Drive, 56D)
Batting: RHB Ryosei Yamamoto 0-0: Called Strike
0-1: Ball
1-1: SINGLE (Line Drive, 7S)
Felipe Rego to second
Batting: LHB José Costa 0-0: Called Strike
0-1: Ball
1-1: Foul Ball, location: 2F
1-2: Ball
2-2: Foul Ball, location: 2F
2-2: Strikes out looking
Batting: RHB Cristo García 0-0: Called Strike
0-1: Called Strike
0-2: Foul Ball, location: 2F
0-2: Foul Ball, location: 2F
0-2: Foul Ball, location: 2F
0-2: Ball
1-2: Strikes out swinging
Batting: RHB Roberto Martínez 0-0: Fielders Choice at 2nd, U6 (Groundball, 6M)
Bottom of the 2nd over - 0 run(s), 2 hit(s), 0 error(s), 2 left on base; Lee's Summit 0 - Columbia 0
TOP OF THE 3RD
Lee's Summit Tigers batting - Pitching for Columbia 08s : LHP Darrell Harding
Batting: RHB Doug Delaney 0-0: Called Strike
0-1: Ball
1-1: Foul Ball, location: 2F
1-2: Ball
2-2: Foul Ball, location: 2F
2-2: Strikes out looking
Batting: RHB Sidney Ware 0-0: Ball
1-0: Foul Ball, location: 2F
1-1: Swinging Strike
1-2: Strikes out looking
Batting: LHB Juan Hinojosa 0-0: Ball
1-0: Ball
2-0: Ball
3-0: Base on Balls
Batting: RHB Ed Watkins 0-0: Called Strike
0-1: Ball
1-1: Swinging Strike
1-2: Ball
2-2: Strikes out swinging
Top of the 3rd over - 0 run(s), 0 hit(s), 0 error(s), 1 left on base; Lee's Summit 0 - Columbia 0
BOTTOM OF THE 3RD
Columbia 08s batting - Pitching for Lee's Summit Tigers : RHP Reid Mapstone
Batting: RHB Alfredo Hernández 0-0: Called Strike
0-1: Ball
1-1: Swinging Strike
1-2: Strikes out looking
Batting: SHB Roberto Rivera 0-0: Ball
1-0: Called Strike
1-1: Ball
2-1: Foul Ball, location: 2F
2-2: Ball
3-2: Foul Ball, location: 2F
3-2: Foul Ball, location: 2F
3-2: Foul Ball, location: 2F
3-2: Fly out, F8 (Popup, 8LS)
Batting: RHB Vic Langlois 0-0: Ball
1-0: Ball
2-0: Called Strike
2-1: Foul Ball, location: 2F
2-2: Ball
3-2: Foul Ball, location: 2F
3-2: Base on Balls
Batting: LHB Colm Massey 0-0: Foul Ball, location: 2F
0-1: SINGLE (Groundball, 56D)
Vic Langlois to second
Batting: RHB Felipe Rego 0-0: Ball
1-0: Ball
2-0: Ball
3-0: Called Strike
3-1: Foul Ball, location: 2F
3-2: SINGLE (Line Drive, 6MD)
Vic Langlois to third
Colm Massey to second
Vic Langlois scores
Colm Massey to third
Batting: RHB Ryosei Yamamoto 0-0: DOUBLE (Line Drive, 7LS)
Colm Massey scores
Felipe Rego to third
Batting: LHB José Costa 0-0: Called Strike
0-1: Foul Ball, location: 2F
0-2: Foul Ball, location: 2F
0-2: Ball
1-2: Ball
2-2: Foul Ball, location: 2F
2-2: Ball
3-2: Foul Ball, location: 2F
3-2: Ground out 4-3 (Groundball, 4)
Bottom of the 3rd over - 2 run(s), 3 hit(s), 0 error(s), 2 left on base; Lee's Summit 0 - Columbia 2
TOP OF THE 4TH
Lee's Summit Tigers batting - Pitching for Columbia 08s : LHP Darrell Harding
Batting: RHB Norberto Taváres 0-0: Ball
1-0: Swinging Strike
1-1: Ball
2-1: Fly out, F8 (Flyball, 8RS)
Batting: RHB Desi Thompson 0-0: Ball
1-0: Called Strike
1-1: Ball
2-1: Swinging Strike
2-2: Ball
3-2: Strikes out swinging
Batting: RHB Carlos Flores 0-0: Swinging Strike
0-1: Ball
1-1: Ball
2-1: Ground out 6-3 (Groundball, 6M)
Top of the 4th over - 0 run(s), 0 hit(s), 0 error(s), 0 left on base; Lee's Summit 0 - Columbia 2
BOTTOM OF THE 4TH
Columbia 08s batting - Pitching for Lee's Summit Tigers : RHP Reid Mapstone
Batting: RHB Cristo García 0-0: Ball
1-0: Foul Ball, location: 2F
1-1: Ground out 4-3 (Groundball, 4)
Batting: RHB Roberto Martínez 0-0: Ball
1-0: Ball
2-0: Called Strike
2-1: Ground out 5-3 (Groundball, 5L)
Batting: RHB Alfredo Hernández 0-0: Called Strike
0-1: Fly out, F7 (Flyball, 7LM)
Bottom of the 4th over - 0 run(s), 0 hit(s), 0 error(s), 0 left on base; Lee's Summit 0 - Columbia 2
TOP OF THE 5TH
Lee's Summit Tigers batting - Pitching for Columbia 08s : LHP Darrell Harding
Batting: LHB Bill Frazier 0-0: Ball
1-0: Foul Ball, location: 2F
1-1: Ground out 1-6-3 (Groundball, 15S)
Batting: RHB Flint Todd 0-0: Ball
1-0: Ball
2-0: Ball
3-0: Called Strike
3-1: Base on Balls
Batting: RHB Doug Delaney 0-0: Ball
1-0: Ball
2-0: Called Strike
2-1: DOUBLE (Line Drive, 8RM)
Flint Todd to third
Batting: RHB Sidney Ware 0-0: Foul Ball, location: 2F
0-1: Fly out, F8 (Flyball, 8LD)
Runner from 3rd tags up, SCORES, no throw
Batting: LHB Juan Hinojosa 0-0: Ball
Wild Pitch!
Doug Delaney to third
1-0: 2-RUN HOME RUN (Flyball, 9LD), Distance : 369 ft
Batting: RHB Ed Watkins 0-0: SINGLE (Groundball, 34)
Batting: RHB Norberto Taváres 0-0: Ball
1-0: Ball
2-0: Foul Ball, location: 2F
2-1: Foul Ball, location: 2F
2-2: Strikes out swinging
Top of the 5th over - 3 run(s), 3 hit(s), 0 error(s), 1 left on base; Lee's Summit 3 - Columbia 2
BOTTOM OF THE 5TH
Columbia 08s batting - Pitching for Lee's Summit Tigers : RHP Reid Mapstone
Batting: SHB Roberto Rivera 0-0: DOUBLE (Line Drive, 9LM)
Batting: RHB Vic Langlois 0-0: Called Strike
0-1: Called Strike
0-2: Ball
1-2: Strikes out looking
Batting: LHB Colm Massey 0-0: Called Strike
0-1: Foul Ball, location: 2F
0-2: Ball
1-2: SINGLE (Groundball, 5S) (infield hit)
Roberto Rivera to third
Batting: RHB Felipe Rego 0-0: Ball
1-0: Ball
2-0: Ball
3-0: Base on Balls
Colm Massey to second
Pitching: RHP Bryan Allen
Batting: RHB Ryosei Yamamoto 0-0: Called Strike
0-1: Foul Ball, location: 2F
0-2: Ball
1-2: Foul Ball, location: 2F
1-2: Foul Ball, location: 2F
1-2: SINGLE (Groundball, 56D)
Roberto Rivera scores
Colm Massey to third
Felipe Rego to second
Runner from 3rd tries for Home, SAFE, throw made home
Felipe Rego to third
Ryosei Yamamoto to second
Batting: LHB José Costa 0-0: Ball
1-0: Ball
2-0: Foul Ball, location: 2F
2-1: Ground out 4-3 (Groundball, 4)
Batting: RHB Cristo García 0-0: Ball
1-0: Called Strike
1-1: Fly out, F3 (Popup, 3DF)
Bottom of the 5th over - 2 run(s), 3 hit(s), 0 error(s), 2 left on base; Lee's Summit 3 - Columbia 4
TOP OF THE 6TH
Lee's Summit Tigers batting - Pitching for Columbia 08s : LHP Darrell Harding
Pitching: LHP Dwight Livingston
Batting: RHB Desi Thompson 0-0: Ball
1-0: Fly out, F6 (Popup, 5DF)
Batting: RHB Carlos Flores 0-0: Ball
1-0: Ball
2-0: SINGLE (Groundball, 56D)
Batting: LHB Bill Frazier 0-0: Ball
1-0: Called Strike
1-1: Ball
2-1: Ball
3-1: Base on Balls
Carlos Flores to second
Batting: RHB Flint Todd 0-0: Called Strike
0-1: Foul Ball, location: 2F
0-2: Ball
1-2: Ball
2-2: Ball
3-2: Foul Ball, location: 2F
3-2: Grounds into double play, U6-3 (Groundball, 6)
Top of the 6th over - 0 run(s), 1 hit(s), 0 error(s), 1 left on base; Lee's Summit 3 - Columbia 4
BOTTOM OF THE 6TH
Columbia 08s batting - Pitching for Lee's Summit Tigers : RHP Bryan Allen
Batting: RHB Roberto Martínez 0-0: Called Strike
0-1: Foul Ball, location: 2F
0-2: Ball
1-2: Ball
2-2: Fly out, F7 (Flyball, 7LM)
Batting: RHB Alfredo Hernández 0-0: Ball
1-0: Called Strike
1-1: Foul Ball, location: 2F
1-2: Fly out, F9 (Popup, 4D)
Batting: SHB Roberto Rivera 0-0: Called Strike
0-1: Ball
1-1: Ball
2-1: Ball
3-1: Base on Balls
Batting: RHB Vic Langlois 0-0: Ball
1-0: Called Strike
1-1: Foul Ball, location: 2F
1-2: Ball
2-2: Fielders Choice at 2nd, U4 (Groundball, 4M)
Bottom of the 6th over - 0 run(s), 0 hit(s), 0 error(s), 1 left on base; Lee's Summit 3 - Columbia 4
TOP OF THE 7TH
Lee's Summit Tigers batting - Pitching for Columbia 08s : LHP Dwight Livingston
Batting: RHB Doug Delaney 0-0: Called Strike
0-1: Ball
1-1: Swinging Strike
1-2: Ball
2-2: Ball
3-2: Foul Ball, location: 2F
3-2: Strikes out looking
Batting: RHB Sidney Ware 0-0: Called Strike
0-1: Foul Ball, location: 2F
0-2: Ground out 1-3 (Groundball, 13S)
Batting: LHB Juan Hinojosa 0-0: Called Strike
0-1: Hit by Pitch
Batting: RHB Ed Watkins 0-0: Called Strike
0-1: Ball
1-1: Foul Ball, location: 2F
1-2: SINGLE (Groundball, 5L) (infield hit)
Juan Hinojosa to second
Batting: RHB Norberto Taváres 0-0: Ball
1-0: Swinging Strike
1-1: Ball
2-1: Ball
3-1: Fly out, F7 (Popup, 6D)
Top of the 7th over - 0 run(s), 1 hit(s), 0 error(s), 2 left on base; Lee's Summit 3 - Columbia 4
BOTTOM OF THE 7TH
Columbia 08s batting - Pitching for Lee's Summit Tigers : RHP Bryan Allen
Batting: LHB Colm Massey 0-0: Called Strike
0-1: Swinging Strike
0-2: Ball
1-2: Strikes out looking
Pitching: RHP Augusto Pérez
Batting: RHB Felipe Rego 0-0: Ball
1-0: Foul Ball, location: 2F
1-1: Swinging Strike
1-2: Ball
2-2: Ball
3-2: Base on Balls
Batting: RHB Ryosei Yamamoto 0-0: Ball
1-0: Ball
2-0: Swinging Strike
2-1: Ball
3-1: Base on Balls
Felipe Rego to second
Batting: LHB José Costa 0-0: Ball
1-0: Ball
2-0: Ball
3-0: Called Strike
3-1: Base on Balls
Felipe Rego to third
Ryosei Yamamoto to second
Batting: RHB Cristo García 0-0: Called Strike
0-1: Called Strike
0-2: Ball
1-2: Strikes out swinging
Batting: RHB Roberto Martínez 0-0: Ball
1-0: Called Strike
1-1: Called Strike
1-2: Strikes out swinging
Bottom of the 7th over - 0 run(s), 0 hit(s), 0 error(s), 3 left on base; Lee's Summit 3 - Columbia 4
TOP OF THE 8TH
Lee's Summit Tigers batting - Pitching for Columbia 08s : LHP Dwight Livingston
Pitching: RHP Lewis Sweeney
Batting: RHB Desi Thompson 0-0: Ball
1-0: Ball
2-0: Fly out, F8 (Flyball, 8RD)
Pitching: RHP Juan Moreno
Batting: RHB Carlos Flores 0-0: Ground out 6-3 (Groundball, 56)
Batting: LHB Bill Frazier 0-0: Foul Ball, location: 2F
0-1: Foul Ball, location: 2F
0-2: Foul Ball, location: 2F
0-2: Strikes out swinging
Top of the 8th over - 0 run(s), 0 hit(s), 0 error(s), 0 left on base; Lee's Summit 3 - Columbia 4
BOTTOM OF THE 8TH
Columbia 08s batting - Pitching for Lee's Summit Tigers : RHP Augusto Pérez
Batting: RHB Alfredo Hernández 0-0: Swinging Strike
0-1: Ball
1-1: Ground out U3 (Groundball, 3S)
Batting: SHB Roberto Rivera 0-0: Ball
1-0: DOUBLE (Line Drive, 89D)
Batting: RHB Vic Langlois 0-0: Ball
1-0: Ball
2-0: Called Strike
2-1: Ball
3-1: Foul Ball, location: 2F
3-2: Strikes out swinging
Batting: LHB Colm Massey 0-0: Ball
1-0: Called Strike
1-1: Ball
2-1: Foul Ball, location: 2F
2-2: Foul Ball, location: 2F
2-2: Strikes out swinging
Bottom of the 8th over - 0 run(s), 1 hit(s), 0 error(s), 1 left on base; Lee's Summit 3 - Columbia 4
TOP OF THE 9TH
Lee's Summit Tigers batting - Pitching for Columbia 08s : RHP Juan Moreno
Pitching: RHP Armando Torres
Pinch Hitting: RHB Don Thomas 0-0: Ball
1-0: Ball
2-0: Called Strike
2-1: Ball
3-1: Base on Balls
Pinch Runner at 1st Andrés Arredondo:
Batting: RHB Doug Delaney 0-0: Sac Bunt - play at first, batter OUT! 5-4
Andrés Arredondo to second
Batting: RHB Sidney Ware 0-0: Called Strike
0-1: SINGLE (Groundball, 56D)
Andrés Arredondo to third
Runner from 3rd tries for Home, SAFE, no throw or cutoff
Batting: LHB Juan Hinojosa 0-0: Ball
1-0: Called Strike
1-1: 2-RUN HOME RUN (Flyball, 9D), Distance : 372 ft
Pitching: RHP Mike Horton
Batting: RHB Ed Watkins 0-0: Ball
1-0: Ball
2-0: Ball
3-0: Base on Balls
Batting: RHB Norberto Taváres 0-0: Ball
1-0: Ball
2-0: Ball
3-0: Called Strike
3-1: Swinging Strike
Balk!
Ed Watkins to second
3-2: Intentional Walk
Batting: RHB Desi Thompson 0-0: Ball
1-0: Ball
2-0: Called Strike
2-1: Ball
3-1: Called Strike
3-2: DOUBLE (Line Drive, 9LS)
Ed Watkins scores
Norberto Taváres to third
Runner from 3rd tries for Home, SAFE, no throw or cutoff
Batting: RHB Carlos Flores 0-0: Ball
1-0: Ball
Desi Thompson steals 3rd base
2-0: Fly out, F9 (Flyball, 9D)
Runner from 3rd tags up, SCORES, no throw
Batting: LHB Bill Frazier 0-0: Ball
1-0: Ground out U3 (Groundball, 3S)
Top of the 9th over - 6 run(s), 3 hit(s), 0 error(s), 0 left on base; Lee's Summit 9 - Columbia 4
BOTTOM OF THE 9TH
Columbia 08s batting - Pitching for Lee's Summit Tigers : RHP Augusto Pérez
Now at 1B: Alfredo Sánchez
Now at 3B: James Stevens
Batting: RHB Felipe Rego 0-0: Called Strike
0-1: Ball
1-1: Swinging Strike
1-2: Ball
2-2: Foul Ball, location: 2F
2-2: Ball
3-2: Strikes out swinging
Batting: RHB Ryosei Yamamoto 0-0: Foul Ball, location: 2F
0-1: Ball
1-1: Ball
2-1: Fly out, F7 (Flyball, 78D)
Pitching: LHP Javier Cruz
Batting: LHB José Costa 0-0: Fly out, F8 (Line Drive, 8LM)
Bottom of the 9th over - 0 run(s), 0 hit(s), 0 error(s), 0 left on base; Lee's Summit 9 - Columbia 4
This league is powered by Out of the Park Baseball, the baseball management simulation game for PC, Mac and Linux
Wednesday, December 2nd, 2015 - OOTP Baseball 16.8 Build 38